 Dungeon Crawl Stone Soup version 0.25.1-8-g42b30a86e7 (webtiles) character file.

Game seed: 6507662839556302596

51 Clowwww the Skirmisher (level 3, 0/29 HPs)
             Began as a Demonspawn Fighter on Dec 7, 2020.
             Slain by an adder (2 damage)
             ... on level 2 of the Dungeon.
             The game lasted 00:02:16 (1104 turns).

Clowwww the Skirmisher (Demonspawn Fighter)         Turns: 1104, Time: 00:02:17

Health: 0/29       AC:  7    Str: 17    XL:     3   Next: 57%
Magic:  3/3        EV:  7    Int:  9    God:
Gold:   34         SH:  9    Dex: 12    Spells: 2/2 levels left

rFire    . . .     SeeInvis .   a - +0 war axe
rCold    . . .     Gourm    .   c - +0 kite shield
rNeg     . . .     Faith    .   b - +0 scale mail
rPois    .         Spirit   .   (no helmet)
rElec    .         Reflect  .   (no cloak)
rCorr    .         Harm     .   (no gloves)
MR       .....                  (no boots)
Stlth    ..........             (no amulet)
HPRegen  0.09/turn              (no ring)
MPRegen  0.08/turn              (no ring)

@: lethally poisoned (0 -> -6)
A: rugged brown scales 1
a: no special abilities


You were on level 2 of the Dungeon.
You were not hungry.

You visited 1 branch of the dungeon, and saw 2 of its levels.

You collected 34 gold pieces.

Inventory:

Hand Weapons
 a - a +0 war axe (weapon)
Armour
 b - a +0 scale mail (worn)
 c - a +0 kite shield (worn)
Jewellery
 k - an uncursed ring of wizardry {unknown}
Scrolls
 i - a scroll of noise {unknown}
 l - a scroll of random uselessness {unknown}
Potions
 d - a potion of might
 e - a potion of cancellation {unknown}
 g - a potion of curing {unknown}
 h - 2 potions of invisibility {unknown}
Comestibles
 f - 4 rations
 j - 3 chunks of flesh


   Skills:
 + Level 3.3 Fighting
 + Level 2.5 Axes
 + Level 2.9 Armour
 + Level 0.2 Dodging
 + Level 3.1 Shields


You had 2 spell levels left.
You didn't know any spells.
Your spell library was empty.

Dungeon Overview and Level Annotations

Branches:
Dungeon (2/15)

Altars:


Innate Abilities, Weirdness & Mutations

You are partially covered in rugged brown scales. (AC +1, +3% HP)


Message History

You block the adder's attack. You block the jackal's attack.
The adder bites you.
* * * LOW HITPOINT WARNING * * *
You are lethally poisoned!
The adder poisons you!
* * * LOW HITPOINT WARNING * * *
You feel sick. The adder bites you.
* * * LOW HITPOINT WARNING * * *
The jackal bites you but does no damage.
* * * LOW HITPOINT WARNING * * *
You feel sick. You block the adder's attack.
You hit the adder but do no damage.
* * * LOW HITPOINT WARNING * * *
You feel sick. The adder bites you.
* * * LOW HITPOINT WARNING * * *
You completely miss the adder. The adder closely misses you. x2
You barely miss the adder.
* * * LOW HITPOINT WARNING * * *
You feel sick. The adder bites you.
You die...

##+#..... #>......
#........ . #......
#........ .. #......
#......#. ...#.%...
#......#. .........
#.....##. ........#
#######.....##.
......†K####......#'...##.
#hS@.......)''...##.
####........##...###
##+#### #>...............
#......##....##########..
#......##.............+..
#......#####.##.......#..
#......# #.##.......#..
+......#####.##.......#..
#............#...........


You could see an adder, a jackal and a kobold.

Vanquished Creatures
  An adder (D:2)
  2 dart slugs
  A giant cockroach (D:1)
  5 goblins (D:1)
  3 hobgoblins
  2 jackals (D:2)
  12 kobolds
  A ball python (D:1)
  5 bats
  A frilled lizard (D:2)
  3 rats (D:1)
36 creatures vanquished.

Notes
Turn   | Place    | Note
-------+----------+-------------------------------------------
     0 | D:1      | Clowwww the Demonspawn Fighter began the quest for the Orb.
     0 | D:1      | Reached XP level 1. HP: 18/18 MP: 1/1
   200 | D:1      | Gained mutation: You are partially covered in rugged brown
                  | scales. (AC +1, +3% HP) [demonic ancestry]
   200 | D:1      | Reached XP level 2. HP: 18/24 MP: 2/2
   893 | D:2      | Reached XP level 3. HP: 29/29 MP: 3/3
  1104 | D:2      | Slain by an adder

Illustrated notes

Levels and vault maps discovered:
D:1:      minmay_arrival_loop, layout_loops_ring, hex_tiny
D:2:      layout_basic

Skill      XL: |  1  2 |
---------------+-------+-----
Shields        | 3 |  3.1
Axes           | 2 |  2.5
Fighting       | |  3.3
Armour         | |  2.9
Dodging        | |  0.2

Action                   || total
-------------------------++-------
Melee: War axe           ||   109
  Eat: Chunk             ||     1
Armor: Scale mail        ||    54
Dodge: Dodged            ||    39
Block: Kite shield       ||    72
